 Dungeon Crawl Stone Soup version 0.30.0-10-gfe55d96785 (webtiles) character file.

Game seed: 4312104457772487244

10621 qw the Cleaver (level 11, -7/71 HPs)
             Began as a Gargoyle Cinder Acolyte on May 17, 2023.
             Was an Initiate of Okawaru.
             Mangled by a swamp worm (8 damage)
             ... on level 2 of the Lair of Beasts.
             The game lasted 00:05:34 (11628 turns).

qw the Cleaver (Gargoyle Cinder Acolyte)           Turns: 11628, Time: 00:05:34

Health: -7/71      AC: 28    Str: 22    XL:     11   Next: 65%
Magic:  12/12      EV:  6    Int: 15    God:    Okawaru [......]
Gold:   661        SH:  6    Dex:  5    Spells: 12/12 levels left

rFire   . . .        Y - +3 war axe (freeze)
rCold   + + .        a - +2 buckler
rNeg    + . .        u - +0 plate armour
rPois   inf          o - +0 helmet
rElec   +            e - scarf of Faith {rC+ rF+, Rampage rElec}
rCorr   .            j - +0 pair of gloves {Stlth+}
SInv    .            (no boots)
Will    .....        (no amulet) Stlth
                     t - ring of protection from cold
HPRegen 0.31/turn    b - +4 ring of protection
MPRegen 0.13/turn

%: rampage
@: about to teleport, marked, fire susceptible
A: sickness immunity, AC +8, negative energy resistance 1, electricity
resistance, torment resistance 1, petrification resistance
a: Renounce Religion


You were on level 2 of the Lair of Beasts.
You worshipped Okawaru.
Okawaru was noncommittal.
You visited 2 branches of the dungeon, and saw 10 of its levels.
You also visited: Sewer.

You collected 661 gold pieces.


Innate Abilities, Weirdness & Mutations

You are immune to sickness and miasma.
Your stone body is resilient. (AC +8)
You are immune to poison.
You resist negative energy. (rN+)
You are resistant to electric shocks. (rElec)
You are resistant to unholy torment.
You are immune to petrification.


   Skills:
 - Level 9.2 Fighting
 - Level 12.1 Axes
 + Level 2.6 Throwing
 - Level 8.2 Armour
 - Level 1.6 Dodging
 - Level 5.7 Shields
 - Level 1.0 Spellcasting
 - Level 3.0 Fire Magic


You had 12 spell levels left.
You didn't know any spells.
Your spell library contained the following spells:

 Spells                   Type           Power      Damage    Failure   Level
 Scorch                   Fire           18%        2d6       89%         2

Inventory:

Hand Weapons
 p - a +0 war axe of flaming
 Y - a +3 war axe of freezing (weapon)
Missiles
 g - 6 javelins (quivered)
 q - 10 boomerangs
Armour
 a - a +2 buckler (worn)
 e - the scarf of Faith (worn) {rC+ rF+, Rampage rElec}
   (You acquired it on level 8 of the Dungeon)

   rElec:     It insulates you from electricity.
   Rampage:   It bestows one free step when moving towards enemies.
 j - a +0 pair of gloves of stealth (worn)
 o - a +0 helmet (worn)
 u - a +0 plate armour (worn)
Jewellery
 b - a +4 ring of protection (right hand)
 f - a ring of resist corrosion
 h - a ring of protection from fire
 t - a ring of protection from cold (left hand)
Scrolls
 i - 5 scrolls of identify
Potions
 c - 5 potions of heal wounds
 d - a potion of cancellation
 k - a potion of resistance
 l - 2 potions of curing
 m - 3 potions of might
 n - 2 potions of haste
 r - a potion of mutation

Dungeon Overview and Level Annotations

Branches:
Dungeon (8/15)             Temple (0/1) D:6            Lair (2/5) D:8
 Spider (0/4) Lair:2        Sewer (visited)
  Swamp: Lair:2-3    Shoals: Lair:2-3

Altars:
Kikubaaqudgha
Nemelex Xobeh
Okawaru
Xom

Shops:
D:4 :

Annotations:
D:6 3 runed translucent doors, qw's ghost, amateur GrCA; qw's ghost, novice GrCA
Lair:2 Harold


Message History

Harold is heavily wounded.
You barely miss the swamp worm. The swamp worm barely misses you.
Harold hits you but does no damage.
You closely miss Harold.
Harold is heavily wounded.
You hit the swamp worm. You freeze the swamp worm.
The swamp worm bites you but does no damage.
You hit the swamp worm. You freeze the swamp worm.
The swamp worm is almost dead.
You hit Harold. You freeze Harold. You block Harold's attack.
You block the swamp worm's attack.
You barely miss the swamp worm.
The swamp worm is almost dead.
You hit Harold but do no damage. Harold hits you with a +0 mace!
The swamp worm bites you but does no damage.
The electric eel shoots out a bolt of lightning at you!
The bolt of electricity misses you.
You barely miss the swamp worm.
The swamp worm is almost dead.
You hit Harold. You freeze Harold. The swamp worm bites you.
Harold hits you but does no damage.
You barely miss the swamp worm.
The swamp worm is almost dead.
You slash Harold! You freeze Harold.
The swamp worm bites you but does no damage.
Harold hits you but does no damage. The swamp worm bites you.
You closely miss the swamp worm.
The swamp worm is almost dead.
You slash Harold! You freeze Harold. Harold hits you with a +0 mace.
The swamp worm barely misses you.
You hit Harold but do no damage.
Harold is almost dead.
You barely miss the swamp worm. Harold hits you with a +0 mace.
The swamp worm bites you!
11628 ||| READING scroll of teleportation.
As you read the scroll of teleportation, it crumbles to dust.
You feel strangely unstable. Harold hits you with a +0 mace!
The swamp worm bites you!
You die...

#####.......###
#####.#.##..%}}...#
#.#.....?...7..7.##
####....###....7..7..##
..........#...77..77).#
##..##...##...7~.7~7..#
##..#........7~..~7.##
.#..#.....#...7~.7~7.#
.......##.#.#.77@.~7.#
###....##....77w%@7777
#.........#77S..S7
##....#....77~.7~7
#..........77~..~7
#.#..##....77~.7~7 ###
###
####.##....77~..~777.#
##\## #####...77~7.
7.## #...# #..#7
77.#####.##


You could see Harold, a swamp worm and 2 electric eels.

Vanquished Creatures
  A boulder beetle (D:8)
  Urug (Lair:2)
  A black mamba (Lair:2)
  2 cane toads
  Psyche (D:8)
  2 komodo dragons
  A polar bear (Lair:2)
  4 blink frogs (Lair:1)
  Grinder (D:4)
  2 wyverns
  A shadow (D:8)
  4 yaks
  3 basilisks
  Grum (D:8)
  Eustachio (D:4)
  A redback (Lair:2)
  Edmund (D:6)
  A swamp worm (Lair:2)
  4 water moccasins
  2 ice beasts
  9 wolves
  2 black bears
  A centaur (D:8)
  3 phantoms
  2 kobold brigands
  Blork the orc (D:4)
  7 bullfrogs
  A gnoll sergeant (D:8)
  4 scorpions
  10 wights
  5 killer bees (D:8)
  2 jellies (D:5)
  12 orc priests
  8 hounds
  3 iguanas (D:5)
  2 orc wizards
  13 adders
  4 gnolls (D:8)
  5 river rats (Sewer)
  A shadow imp (D:6)
  4 ufetubi
  3 worms
  5 dart slugs
  22 orcs
  16 ball pythons
  7 endoplasms
  2 giant cockroaches (D:1)
  5 goblins
  6 hobgoblins
  3 jackals (D:2)
  4 quokkas
  6 bats
  4 frilled lizards
  35 kobolds
  24 rats
  2 butterflies
278 creatures vanquished.

Notes
Turn   | Place    | Note
-------+----------+-------------------------------------------
     0 | D:1      | qw the Gargoyle Cinder Acolyte began the quest for the Orb.
     0 | D:1      | Reached XP level 1. HP: 14/14 MP: 2/2
     0 | D:1      | 0 ||| qw: Version: 0.2-a-95-g206ef33
     0 | D:1      | 0 ||| qw: Game counter: 171
     0 | D:1      | 0 ||| qw: Always use a shield: true
     0 | D:1      | 0 ||| qw: God list: Okawaru
     0 | D:1      | 0 ||| qw: Allow faded altars: false
     0 | D:1      | 0 ||| qw: Do Orc after D:15 true
     0 | D:1      | 0 ||| qw: Do second Lair branch before Depths: true
     0 | D:1      | 0 ||| qw: Lair rune preference: random
     0 | D:1      | 0 ||| qw: Plans: Normal
     0 | D:1      | 0 ||| PLANNING D:1-11
   107 | D:1      | Reached skill level 3 in Axes
   119 | D:1      | 119 ||| Stepping ~*~*~tactically~*~*~ (stealth).
   120 | D:1      | 120 ||| Stepping ~*~*~tactically~*~*~ (stealth).
   140 | D:1      | Reached XP level 2. HP: 19/19 MP: 3/3
   232 | D:1      | 232 ||| Stepping ~*~*~tactically~*~*~ (stealth).
   605 | D:1      | 605 ||| Stepping ~*~*~tactically~*~*~ (stealth).
   624 | D:1      | Reached XP level 3. HP: 23/23 MP: 4/4
   767 | D:1      | 767 ||| UPGRADING to +0 chain mail.
   777 | D:1      | 777 ||| DROPPING +0 robe.
   778 | D:1      | 778 ||| UPGRADING to +1 hat.
   783 | D:1      | 783 ||| DROPPING amulet of magic regeneration.
   784 | D:1      | 784 ||| READING scroll labelled KUGGEVI USULO.
   785 | D:1      | 785 ||| READING scroll labelled YHICSA BUFUUSTA.
   790 | D:1      | 790 ||| READING scroll labelled JIUSSE DAUC.
   791 | D:1      | 791 ||| DRINKING 2 viscous red potions.
   895 | D:1      | 895 ||| DROPPING potion of berserk rage.
   960 | D:2      | 960 ||| STAIRDANCE
   978 | D:1      | Reached skill level 1 in Armour
  1046 | D:2      | 1046 ||| Stepping ~*~*~tactically~*~*~ (hiding).
  1063 | D:2      | 1063 ||| Stepping ~*~*~tactically~*~*~ (hiding).
  1245 | D:2      | Reached skill level 4 in Axes
  1529 | D:2      | Reached XP level 4. HP: 28/28 MP: 5/5
  1983 | D:2      | Reached XP level 5. HP: 29/32 MP: 6/6
  2033 | D:2      | 2033 ||| UPGRADING to +2 buckler.
  2038 | D:2      | 2038 ||| READING scroll labelled NEOGGE PUAWEAR.
  2039 | D:2      | 2039 ||| READING scroll labelled XOIGHU JYIL.
  2060 | D:2      | 2060 ||| READING scroll labelled QUNKO UCZUSCH.
  2086 | D:3      | 2086 ||| PLANNING SEWER
  2383 | D:3      | Reached skill level 1 in Shields
  2508 | D:3      | Found a sparkling altar of Nemelex Xobeh.
  2524 | D:3      | Found a faded altar of an unknown god.
  2563 | D:3      | Found a glowing drain.
  2564 | D:3      | 2564 ||| READING scroll labelled RON CAHUWNUR.
  2565 | D:3      | 2565 ||| READING 2 scrolls labelled PEATSIBUEX.
  2566 | D:3      | 2566 ||| DRINKING 3 sedimented dark potions.
  2567 | D:3      | 2567 ||| DRINKING 2 green potions.
  2568 | D:3      | 2568 ||| READING 2 scrolls of identify.
  2568 | D:3      | 2568 ||| IDENTIFYING fizzy silvery potion
  2569 | D:3      | 2569 ||| DROPPING 2 potions of brilliance.
  2570 | D:3      | 2570 ||| DROPPING scroll of vulnerability.
  2584 | D:3      | 2584 ||| Stepping ~*~*~tactically~*~*~ (water).
  2622 | Sewer    | Entered a sewer
  2900 | Sewer    | Reached skill level 5 in Axes
  3030 | Sewer    | Reached XP level 6. HP: 22/37 MP: 7/7
  3174 | Sewer    | 3174 ||| INVOKING Fiery Armour.
  3351 | Sewer    | 3351 ||| UPGRADING to +0 pair of gloves of stealth.
  3356 | Sewer    | 3356 ||| DRINKING 3 sedimented grey potions.
  3357 | Sewer    | 3357 ||| DRINKING 2 fuming red potions.
  3358 | Sewer    | 3358 ||| DROPPING 2 potions of invisibility.
  3384 | D:3      | 3384 ||| PLANNING D:1-11
  3429 | D:3      | 3429 ||| Stepping ~*~*~tactically~*~*~ (stealth).
  3435 | D:3      | 3435 ||| Stepping ~*~*~tactically~*~*~ (stealth).
  3764 | D:4      | 3764 ||| Stepping ~*~*~tactically~*~*~ (stealth).
  3776 | D:4      | Found Gicrouj's Tremendous Tomes.
  3857 | D:4      | 3857 ||| Stepping ~*~*~tactically~*~*~ (stealth).
  3861 | D:4      | 3861 ||| Stepping ~*~*~tactically~*~*~ (hiding).
  3863 | D:4      | 3863 ||| INVOKING Fiery Armour.
  3874 | D:4      | 3874 ||| Stepping ~*~*~tactically~*~*~ (hiding).
  3960 | D:4      | Reached skill level 6 in Axes
  3960 | D:4      | Reached XP level 7. HP: 43/43 MP: 8/8
  4040 | D:4      | 4040 ||| Stepping ~*~*~tactically~*~*~ (hiding).
  4041 | D:4      | 4041 ||| Stepping ~*~*~tactically~*~*~ (hiding).
  4042 | D:4      | 4042 ||| Stepping ~*~*~tactically~*~*~ (hiding).
  4151 | D:4      | 4151 ||| Stepping ~*~*~tactically~*~*~ (stealth).
  4163 | D:4      | 4163 ||| INVOKING Fiery Armour.
  4167 | D:4      | Reached skill level 3 in Armour
  4265 | D:4      | 4265 ||| Stepping ~*~*~tactically~*~*~ (stealth).
  4266 | D:4      | 4266 ||| Stepping ~*~*~tactically~*~*~ (stealth).
  4267 | D:4      | 4267 ||| Stepping ~*~*~tactically~*~*~ (stealth).
  4268 | D:4      | 4268 ||| Stepping ~*~*~tactically~*~*~ (stealth).
  4269 | D:4      | 4269 ||| Stepping ~*~*~tactically~*~*~ (stealth).
  4273 | D:4      | 4273 ||| Stepping ~*~*~tactically~*~*~ (hiding).
  4275 | D:4      | Noticed Grinder
  4276 | D:4      | 4276 ||| INVOKING Fiery Armour.
  4292 | D:4      | 4292 ||| Stepping ~*~*~tactically~*~*~ (hiding).
  4294 | D:4      | 4294 ||| Stepping ~*~*~tactically~*~*~ (hiding).
  4306 | D:4      | Paralysed by Grinder for 3 turns
  4312 | D:4      | Killed Grinder
  4428 | D:4      | Noticed Eustachio
  4468 | D:4      | Killed Eustachio
  4469 | D:4      | Reached XP level 8. HP: 42/48 MP: 9/9
  4737 | D:4      | Noticed Blork the orc
  4738 | D:4      | 4738 ||| Stepping ~*~*~tactically~*~*~ (hiding).
  4739 | D:4      | 4739 ||| Stepping ~*~*~tactically~*~*~ (hiding).
  4751 | D:4      | Killed Blork the orc
  4752 | D:4      | Reached skill level 7 in Axes
  4771 | D:4      | 4771 ||| SWAPPING to +0 war axe.
  4779 | D:4      | 4779 ||| UPGRADING to ring of resist corrosion.
  4780 | D:4      | 4780 ||| READING scroll labelled XICATT AMUFE.
  4781 | D:4      | 4781 ||| READING scroll labelled ZAN NASEURCHESIKED.
  4782 | D:4      | 4782 ||| DRINKING 2 fuming pink potions.
  4783 | D:4      | 4783 ||| DRINKING 3 yellow potions.
  4784 | D:4      | 4784 ||| READING 3 scrolls of identify.
  4784 | D:4      | 4784 ||| IDENTIFYING fuming ruby potion
  4785 | D:4      | 4785 ||| READING 2 scrolls of identify.
  4785 | D:4      | 4785 ||| IDENTIFYING bubbling inky potion
  4786 | D:4      | 4786 ||| DROPPING potion of degeneration.
  4787 | D:4      | 4787 ||| DROPPING potion of flight.
  4820 | D:5      | Entered Level 5 of the Dungeon
  4958 | D:5      | 4958 ||| INVOKING Fiery Armour.
  5091 | D:5      | 5091 ||| INVOKING Fiery Armour.
  5102 | D:5      | Reached skill level 1 in Throwing
  5378 | D:5      | Found an iron altar of Okawaru.
  5378 | D:5      | Found an ancient bone altar of Kikubaaqudgha.
  5783 | D:5      | 5783 ||| Stepping ~*~*~tactically~*~*~ (stealth).
  5796 | D:5      | 5796 ||| READING scroll of enchant weapon.
  5796 | D:5      | 5796 ||| ENCHANTING +0 war axe.
  5882 | D:5      | 5882 ||| READING scroll labelled DASHYCR MOHIRO.
  5883 | D:5      | 5883 ||| READING 3 scrolls of identify.
  5883 | D:5      | 5883 ||| IDENTIFYING pink potion
  5884 | D:5      | 5884 ||| READING 2 scrolls of identify.
  5884 | D:5      | 5884 ||| IDENTIFYING fuming puce potion
  5885 | D:5      | 5885 ||| DROPPING potion of lignification.
  6002 | D:6      | 6002 ||| READING scroll of enchant weapon.
  6002 | D:6      | 6002 ||| ENCHANTING +1 war axe.
  6041 | D:6      | Reached skill level 8 in Axes
  6065 | D:6      | Reached skill level 6 in Fighting
  6111 | D:6      | Reached XP level 9. HP: 55/55 MP: 10/10
  6177 | D:6      | Found a staircase to the Ecumenical Temple.
  6299 | D:6      | Noticed Edmund
  6313 | D:6      | 6313 ||| INVOKING Fiery Armour.
  6314 | D:6      | Killed Edmund
  6516 | D:6      | Reached skill level 9 in Axes
  6578 | D:6      | Found a shimmering altar of Xom.
  6611 | D:6      | Found a runed translucent gate.
  6611 | D:6      | Found a runed translucent gate.
  6612 | D:6      | Found a runed translucent gate.
  6613 | D:6      | Noticed qw's ghost (novice GrCA)
  6613 | D:6      | Noticed qw's ghost (novice GrCA)
  6613 | D:6      | Noticed qw's ghost (amateur GrCA)
  6873 | D:6      | Identified the +0 robe of Mysticism {Dex+3}
  6966 | D:6      | 6966 ||| UPGRADING to +4 ring of protection.
  6967 | D:6      | 6967 ||| READING scroll labelled LOCWOCHAOCK.
  6968 | D:6      | 6968 ||| READING 5 scrolls of identify.
  6968 | D:6      | 6968 ||| IDENTIFYING puce potion
  7278 | D:7      | 7278 ||| Stepping ~*~*~tactically~*~*~ (stealth).
  7680 | D:7      | 7680 ||| SWAPPING to +0 war axe of flaming.
  7681 | D:7      | 7681 ||| DROPPING +0 hand axe of flaming.
  7682 | D:7      | 7682 ||| DROPPING +2 war axe.
  7710 | D:7      | 7710 ||| Stepping ~*~*~tactically~*~*~ (hiding).
  7858 | D:7      | 7858 ||| DROPPING +4 ring mail.
  7878 | D:8      | 7878 ||| Stepping ~*~*~tactically~*~*~ (hiding).
  7899 | D:8      | Reached skill level 10 in Axes
  7971 | D:8      | Reached skill level 1 in Dodging
  8086 | D:8      | 8086 ||| Stepping ~*~*~tactically~*~*~ (stealth).
  8095 | D:8      | Reached XP level 10. HP: 50/63 MP: 11/11
  8139 | D:8      | 8139 ||| SWAPPING to +3 war axe of freezing.
  8218 | D:8      | 8218 ||| Stepping ~*~*~tactically~*~*~ (hiding).
  8220 | D:8      | 8220 ||| Stepping ~*~*~tactically~*~*~ (hiding).
  8351 | D:8      | 8351 ||| Stepping ~*~*~tactically~*~*~ (hiding).
  8354 | D:8      | 8354 ||| Stepping ~*~*~tactically~*~*~ (hiding).
  8431 | D:8      | Noticed Psyche
  8439 | D:8      | Killed Psyche
  8458 | D:8      | Noticed Grum
  8459 | D:8      | 8459 ||| INVOKING Fiery Armour.
  8472 | D:8      | Killed Grum
  8478 | D:8      | HP: 16/64 [gnoll/+2 flail of protection[a gnoll sergeant]
                  | (3)]
  8479 | D:8      | 8479 ||| READING scroll of teleportation.
  8480 | D:8      | 8480 ||| DRINKING 5 potions of heal wounds.
  8482 | D:8      | Found a staircase to the Lair.
  8671 | D:8      | Reached skill level 11 in Axes
  9157 | D:8      | 9157 ||| PLANNING LAIR
  9157 | D:8      | 9157 ||| UPGRADING to +0 helmet.
  9167 | D:8      | 9167 ||| DROPPING +1 hat.
  9168 | D:8      | 9168 ||| UPGRADING to +0 plate armour.
  9178 | D:8      | 9178 ||| DROPPING +0 chain mail.
  9179 | D:8      | 9179 ||| UPGRADING to ring of protection from cold.
  9181 | D:8      | 9181 ||| READING scroll labelled EVVAEN JYFIHI.
  9181 | D:8      | Identified a scroll of acquirement
  9181 | D:8      | 9181 ||| ACQUIRING scarf of Faith {rC+ rF+, Rampage rElec}
  9181 | D:8      | Acquired the scarf of Faith {rC+ rF+, Rampage rElec}
  9183 | D:8      | 9183 ||| UPGRADING to scarf of Faith {rC+ rF+, Rampage
                  | rElec}.
  9282 | Lair:1   | Entered Level 1 of the Lair of Beasts
  9282 | Lair:1   | Noticed a boulder beetle
  9283 | Lair:1   | 9283 ||| INVOKING Fiery Armour.
  9287 | Lair:1   | 9287 ||| STAIRDANCE
  9309 | D:8      | Killed a boulder beetle
  9310 | D:8      | Reached skill level 6 in Armour
  9423 | Lair:1   | 9423 ||| INVOKING Fiery Armour.
  9440 | Lair:1   | Reached skill level 9 in Fighting
  9440 | Lair:1   | Reached XP level 11. HP: 57/71 MP: 12/12
  9506 | Lair:1   | 9506 ||| Stepping ~*~*~tactically~*~*~ (stealth).
 10113 | Lair:1   | 10113 ||| DROPPING ring of flight.
 10114 | Lair:1   | 10114 ||| READING scroll labelled MAOLYO URUSU.
 10166 | Lair:2   | 10166 ||| STAIRDANCE
 10236 | Lair:2   | 10236 ||| Stepping ~*~*~tactically~*~*~ (stealth).
 10240 | Lair:2   | 10240 ||| INVOKING Fiery Armour.
 10351 | Lair:2   | Found a hole to the Spider Nest.
 10490 | Lair:2   | Noticed Urug
 10491 | Lair:2   | 10491 ||| Stepping ~*~*~tactically~*~*~ (hiding).
 10492 | Lair:2   | 10492 ||| INVOKING Fiery Armour.
 10505 | Lair:2   | HP: 15/71 [Urug/+3 war axe (13)]
 10505 | Lair:2   | Killed Urug
 10506 | Lair:2   | Reached skill level 12 in Axes
 10738 | Lair:2   | Found a dark tunnel.
 10771 | Lair:2   | 10771 ||| Stepping ~*~*~tactically~*~*~ (stealth).
 10776 | Lair:2   | 10776 ||| Stepping ~*~*~tactically~*~*~ (stealth).
 10801 | Lair:2   | 10801 ||| INVOKING Fiery Armour.
 11169 | Lair:2   | 11169 ||| PLANNING OKAWARU WORSHIP
 11362 | D:5      | Fell from the grace of Ignis
 11362 | D:5      | Became a worshipper of Warmaster Okawaru
 11363 | D:5      | 11363 ||| PLANNING LAIR
 11610 | Lair:2   | Noticed Harold
 11627 | Lair:2   | HP: 10/71 [swamp worm (13)]
 11628 | Lair:2   | 11628 ||| READING scroll of teleportation.
 11628 | Lair:2   | HP: 1/71 [Harold/+0 mace (10)]
 11628 | Lair:2   | Mangled by a swamp worm

Levels and vault maps discovered:
D:1:      psy_arrival_statuary, layout_basic
D:2:      layout_loops_ring, minmay_snake_closets
D:3:      layout_loops_ring, mainiacjoe_overflow_alcove_2,
          ebering_ecumenical_altar_webs, cheibrodos_sewer_entry_bend,
          serial_undead, serial_undead_d, serial_undead_b, serial_undead_e,
          serial_undead_e, minmay_cupped
D:4:      layout_rooms, nicolae_shop_i_like_big_books, hex_medium,
          kennysheep_generic_room_7, uniq_blork_the_orc, uniq_grinder,
          uniq_eustachio
D:5:      layout_basic, mainiacjoe_overflow_divided_tiny,
          hangedman_abyss_or_decor_passed, kennysheep_donut
D:6:      layout_basic, xom_butterflies, minmay_temple_entry_statues_fountains,
          gammafunk_ghost_cemetery, uniq_edmund
D:7:      layout_gridville
D:8:      layout_basic, david_lair_generic, kennysheep_generic_room_13,
          uniq_psyche, uniq_grum
Lair:1:   layout_regular_city, lemuel_fruit_fields
Lair:2:   nzn_winding_woodlands_stair_cross
          [nzn_winding_woodlands_5x15_pathside_ponds,
          nzn_winding_woodlands_center_diamonds,
          nzn_winding_woodlands_5x15_sidewinder,
          nzn_winding_woodlands_5x5_open_star,
          nzn_winding_woodlands_5x5_checkerboard,
          nzn_winding_woodlands_5x15_pockets,
          nzn_winding_woodlands_center_triple_pond,
          nzn_winding_woodlands_5x15_jagged], layout_loops_ring,
          nicolae_swamp_entry_splash_gauntlet, spider_nest_entry_webs,
          enter_volcano_4, serial_bayou_ford_a, uniq_harold, uniq_urug,
          uniq_fannar

Skill      XL: |  1  2  3  4  5  6  7  8  9 10 11 |
---------------+----------------------------------+-----
Axes           | 3 4 5 6 8 10 11 12 | 12.1
Armour         | 1 2 3 4 7 8 |  8.2
Shields        | 2 4 5 |  5.7
Fighting       | 4 6 7 9 |  9.2
Throwing       | 1 2 |  2.6
Dodging        | 1 |  1.6
Spellcasting   | |  1.0
Fire Magic     | |  3.0

Action                     |  1- 3 |  4- 6 |  7- 9 | 10-12 || total
---------------------------+-------+-------+-------+-------++-------
  Melee: Hand axe          |   124 |   260 |    90 |       ||   474
         War axe           |       |       |   281 |   214 ||   495
  Throw: Boomerang         |       |       |    83 |    34 ||   117
         Javelin           |       |       |       |     7 ||     7
 Invoke: Fiery Armour      |       |     2 |     5 |     6 ||    13
    Use: Scroll            |     3 |     6 |    11 |     4 ||    24
         Potion            |     1 |     4 |     2 |     1 ||     8
 Armour: Robe              |     8 |       |       |       ||     8
         Chain mail        |    60 |   144 |   222 |    63 ||   489
         Plate armour      |       |       |       |    98 ||    98
  Dodge: Dodged            |    53 |    70 |   115 |    66 ||   304
  Block: Buckler           |       |    28 |    80 |    50 ||   158

Table legend:
 A = Non-vault XP
 B = Vault XP
 C = Vault XP percentage of total XP
 D = Non-vault monster count
 E = Vault monster count
 F = Vault count percentage of total count
                 A         B        C        D         E       F
            +---------+---------+-------+---------+---------+-------
      Total |   10398 |    4775 |  31.5 |     186 |      90 |  32.6
            +---------+---------+-------+---------+---------+-------
        D:1 |      52 |       0 |   0.0 |      24 |       0 |   0.0
        D:2 |      49 |      73 |  59.8 |      21 |      11 |  34.4
        D:3 |      31 |      15 |  32.6 |      11 |       5 |  31.2
        D:4 |     344 |     554 |  61.7 |      23 |       5 |  17.9
        D:5 |     677 |       0 |   0.0 |      18 |       0 |   0.0
        D:6 |    1041 |     171 |  14.1 |      17 |       1 |   5.6
        D:7 |     729 |       0 |   0.0 |      20 |       0 |   0.0
        D:8 |    2270 |    1778 |  43.9 |      28 |      10 |  26.3
     Lair:1 |    2694 |       0 |   0.0 |      13 |       0 |   0.0
     Lair:2 |    2511 |    1934 |  43.5 |      11 |       8 |  42.1
      Sewer |       0 |     250 | 100.0 |       0 |      50 | 100.0
            +---------+---------+-------+---------+---------+-------
